 Dungeon Crawl Stone Soup version 0.31-a0-1005-gfbdfbacc72 (webtiles) character file.

Game seed: 6073808333970392454

21 Chiseanne the Destabilizer (level 2, -2/18 HPs)
             Began as an Octopode Wanderer on Nov 11, 2023.
             Slain by a worm (9 damage)
             ... on level 2 of the Dungeon.
             The game lasted 00:01:43 (1101 turns).

Chiseanne the Destabilizer (Octopode Wanderer)      Turns: 1101, Time: 00:01:44

Health: -2/18      AC:  1    Str: 10    XL:     2   Next: 83%
Magic:  3/3        EV: 12    Int: 22    God:
Gold:   23         SH:  5    Dex: 10    Spells: 3/3 levels left

rFire   . . .        a - +2 mace
rCold   . . .        b - +1 buckler
rNeg    . . .        (helmet restricted)
rPois   .            (no amulet)
rElec   .            j - +6 ring of intelligence
rCorr   .            (no ring)
SInv    .            (no ring)
Will    .....        (no ring)
Stlth   +++          (no ring)
HPRegen 0.23/turn    (no ring)
MPRegen 0.08/turn    (no ring)
                     (no ring)

%: no passive effects
@: no status effects
A: almost no armour, amphibious, 8 rings, camouflage 1, gelatinous body 1,
(nimble swimmer 1), tentacles
a: no special abilities


You were on level 2 of the Dungeon.
You visited 1 branch of the dungeon, and saw 2 of its levels.

You collected 23 gold pieces.

Inventory:

Hand Weapons
 a - a +2 mace (weapon)
Missiles
 i - 22 stones
 p - 3 poisoned darts
Armour
 b - a +1 buckler (worn)
Jewellery
 j - a +6 ring of intelligence (left tentacle)
Scrolls
 c - a scroll of teleportation
Potions
 e - a potion of berserk rage
 f - a potion of lignification
 h - a potion of enlightenment {unknown}
 o - a potion of haste {unknown}


   Skills:
 * Level 1.5 Fighting
 - Level 3.0 Maces & Flails
 * Level 1.0 Dodging
 * Level 2.2 Stealth
 * Level 1.4 Shields
 - Level 1.0 Spellcasting
 - Level 3.0 Transmutations


You had 3 spell levels left.
You didn't know any spells.
Your spell library contained the following spells:

 Spells                   Type           Power      Damage    Failure   Level
 Sting                    Tmut/Pois      28%        1d4       12%         1
 Cigotuvi's Dreadful Rot  Necr/Pois/Air  2%         N/A       32%         2
 Ignite Poison            Fire/Tmut/Pois 5%         N/A       41%         3
 Freezing Cloud           Conj/Ice/Air   0%         6-21      99%         5


Dungeon Overview and Level Annotations

Branches:
Dungeon (2/15)

Altars:


Innate Abilities, Weirdness & Mutations

You cannot wear most types of armour.
You are amphibious.
You can wear up to eight rings at the same time.
Your skin changes colour to match your surroundings (Stealth+).
Your rubbery body absorbs attacks. (AC +1, EV +1)
((You are camouflaged when in or above water. (Stealth+)))
You have tentacles for arms and can constrict up to eight enemies at once.


Message History

As you read the scroll labelled VIEWKIN WOERU, it crumbles to dust.
It was a scroll of blinking.
As you read the scroll labelled LEN RIEKAEZANE, it crumbles to dust.
It is a scroll of amnesia.
Your memory of Sting unravels.
As you read the scroll labelled CUURUA BOTILU, it crumbles to dust.
Magic quickly surges around you.
It was a scroll of vulnerability.
As you read the scroll labelled XOACI KINATI, it crumbles to dust.
Your body is wracked with pain!
It was a scroll of torment.
As you read the scroll labelled BOSOUWOXKU, it crumbles to dust.
You hear a loud clanging noise!
It was a scroll of noise.
As you read the scroll labelled ZOURIASM OSIFA, it crumbles to dust.
It is a scroll of enchant armour.
Your +0 buckler glows green for a moment.
Okay, then.
You drop 2 scrolls of torment.
You feel your willpower return.
There is an open door here.
There is an escape hatch in the floor here.
You open the door.
There is an open door here.
There is a stone staircase leading down here.
You climb downwards.
Found 17 gold pieces.
There is a stone staircase leading up here.
A worm is nearby!
You see here 3 gold pieces.
You now have 23 gold pieces (gained 3).
The worm bites you!
Ouch! That really hurt!
You hit the worm. Your grab misses the worm. You squeeze the worm.
The worm is heavily wounded.
A goblin comes into view. It is wielding a +0 dagger.
The goblin shouts!
You hit the worm. You grab the worm.
The worm is severely wounded.
You constrict the worm. The worm bites you!
Ouch! That really hurt!
You die...

#### ..# #
#.###.##. ###
#........
.....##..##.##.#
#....@<.....g$
##.##w.######. #
#..# .... ######


You could see a worm and a goblin.

Vanquished Creatures
  2 endoplasms (D:1)
  A giant cockroach (D:1)
  2 goblins (D:1)
  2 hobgoblins (D:1)
  A kobold (D:1)
  6 ball pythons (D:1)
  4 bats (D:1)
  A rat (D:1)
19 creatures vanquished.

Notes
Turn   | Place    | Note
-------+----------+-------------------------------------------
     0 | D:1      | Chiseanne the Octopode Wanderer began the quest for the
                  | Orb.
     0 | D:1      | Chiseanne set off with the following items: a +2 mace, a +0
                  | buckler, a scroll of teleportation; and the following spell
                  | memorised: Sting; and the following spells available to
                  | memorise: Ignite Poison.
     0 | D:1      | Reached XP level 1. HP: 13/13 MP: 2/2
   237 | D:1      | Reached XP level 2. HP: 15/18 MP: 3/3
   673 | D:1      | Reached skill level 1 in Dodging
  1101 | D:2      | Slain by a worm

Illustrated notes

Levels and vault maps discovered:
D:1:      sevenhm_arrival_forest_fort_small_4, layout_loops_corners
D:2:      layout_loops_ring, uniq_robin, uniq_jessica, uniq_terence

Skill      XL: |  1  2 |
---------------+-------+-----
Stealth        | 2 |  2.2
Dodging        | 1 |  1.0
Fighting       | |  1.5
Maces & Flails | |  3.0
Shields        | |  1.4
Spellcasting   | |  1.0
Transmutations | |  3.0

Action                     || total
---------------------------++-------
  Melee: Mace              ||    35
         Constrict         ||     6
         Tentacles         ||     4
    Use: Scroll            ||     9
   Stab: Sleeping          ||     7
 Armour: Skin              ||    24
  Dodge: Dodged            ||    11
  Block: Buckler           ||     4

Table legend: (Time is in decaauts)
 A = Elapsed time spent in this place.
 B = Non-inter-level travel time spent in this place.
 C = Inter-level travel time spent in this place.
 D = Time resting spent in this place.
 E = Time spent auto-exploring this place.
 F = Levels seen in this place.
 G = Mean time per level.
                   A        B        C        D        E       F      G
               +--------+--------+--------+--------+--------+-----+--------+
         Total |   1111 |   1085 |     26 |    104 |    843 |   2 |  555.5 |
       Dungeon |   1111 |   1085 |     26 |    104 |    843 |   2 |  555.5 |
               +--------+--------+--------+--------+--------+-----+--------+

Top non-repeatable levels by time:
     D:1: 1104 daAuts
     D:2: 6 daAuts
